 Dungeon Crawl Stone Soup version 0.23-a0-150-g7664ed78f7 (webtiles) character file.

3481 Holzbalken the Spear-Bearer (level 10, 0/88 HPs)
             Began as a Tengu Gladiator on Sept 7, 2018.
             Was a Believer of Ashenzari.
             Slain by an orc warrior
             ... wielding a +0 flail
              (6 damage)
             ... on level 9 of the Dungeon.
             The game lasted 00:32:09 (8012 turns).

Holzbalken the Spear-Bearer (Tengu Gladiator)       Turns: 8012, Time: 00:32:09

Health: 0/88       AC: 10    Str: 23    XL:     10   Next: 7%
Magic:  0/11       EV: 12    Int:  8    God:    Ashenzari [**....]
Gold:   497        SH:  0    Dex: 16    Spells: 9/9 levels left

rFire    . . .     SeeInvis .   b - +1 scythe (curse)
rCold    . . .     Gourm    .   (shield currently unavailable)
rNeg     + . .     Faith    .   r - +1 scale mail
rPois    .         Spirit   +   c - +0 hat
rElec    .         Reflect  .   (no cloak)
rCorr    .         Harm     .   e - +0 pair of gloves
MR       .....                  (boots unavailable)
Stlth    ..........             q - amulet of guardian spirit
HPRegen  0.24/turn              x - ring of positive energy
MPRegen  0.12/turn              (no ring)

@: berserking, very quick
A: beak, talons 3, able to fly 1
a: Fly, Curse Item, Scrying, Renounce Religion


You were on level 9 of the Dungeon.
You worshipped Ashenzari.
Ashenzari was pleased with you.
You were not hungry.

You visited 2 branches of the dungeon, and saw 11 of its levels.

You collected 497 gold pieces.

Inventory:

Hand Weapons
 a - a +0 trident
 b - a cursed +1 scythe (weapon)
Missiles
 d - 3 throwing nets (quivered)
Armour
 c - a +0 hat (worn)
 e - a +0 pair of gloves (worn)
 r - a +1 scale mail (worn)
 u - a +0 leather armour
Jewellery
 q - an amulet of guardian spirit (around neck)
 x - a ring of positive energy (left hand)
Wands
 w - a wand of random effects (27)
 y - a wand of iceblast (8)
Scrolls
 g - a scroll of enchant armour
 i - 3 scrolls of immolation
 j - a scroll of identify
 k - 6 scrolls of teleportation
 m - 2 scrolls of blinking
 n - a scroll of vulnerability {unknown}
 s - a scroll of remove curse
Potions
 l - 2 potions of might
 o - a potion of haste
 p - a potion of ambrosia {unknown}
 t - 3 potions of lignification
 z - a potion of flight
 A - a potion of cancellation {unknown}
 B - a potion of berserk rage
Comestibles
 f - 5 rations
 v - 3 chunks of flesh


   Skills:
 - Level 5.0 Fighting
 * Level 12.0(14.7) Polearms
 - Level 2.0 Throwing
 + Level 7.9 Armour
 - Level 4.0 Dodging


You had 9 spell levels left.
You didn't know any spells.
Your spell library was empty.

Dungeon Overview and Level Annotations

Branches:
Dungeon (10/15)            Temple (1/1) D:7
   Lair: D:8-11         Orc: D:9-12

Altars:
Ashenzari
Cheibriados
Dithmenos
Elyvilon
Fedhas
Gozag
Hepliaklqana
Kikubaaqudgha
Makhleb
Nemelex Xobeh
Okawaru
Qazlal
Ru
Sif Muna
Trog
Uskayaw
Vehumet
Wu Jian
Xom
Zin
The Shining One

Annotations:
D:6 2 transporters, AlolanVulpixel's ghost, novice DrBe
D:7 Prince Ribbit
D:8 Grum


Innate Abilities, Weirdness & Mutations

You have a beak for a mouth.
You have claws for feet.
You can fly.


Message History

* * * LOW HITPOINT WARNING * * *
The orc hits you but does no damage. The wolf bites you but does no damage.
The orc wizard hits you but does no damage.
The orc warrior hits you but does no damage.
You feel better. The wolf barely misses you. Grum closely misses you.
The orc barely misses you.
The orc wizard hits you but does no damage.
The wolf bites you but does no damage. The orc warrior barely misses you.
The wolf bites you.
Grum hits you from afar with an enchanted halberd!
* * * LOW HITPOINT WARNING * * *
The orc hits you but does no damage. The orc wizard closely misses you.
You climb downwards.
There is a stone staircase leading up, spattered with blood here.
It was a potion of berserk rage.
A red film seems to cover your vision as you go berserk!
You feel yourself moving faster!
You feel mighty! The wolf bites you.
* * * LOW HITPOINT WARNING * * *
The orc warrior hits you with a flail!
You die...

#........... #...........#
#...........#
#...........#
#...........#
#...........#
#..o.h......#
#...@o......#
#..o.)......#
#...........#
#...........#
#.......<...#
#...........#
#...........#
#...........# *
*#####...........#########


You could see an orc warrior, a wolf, an orc wizard and an orc.

Vanquished Creatures
  Pikel (D:7)
  Grinder (D:3)
  Sigmund (D:3)
  A wyvern (D:10)
  A hungry ghost (D:10)
  2 sky beasts
  2 black bears
  2 ice beasts
  A necrophage (D:7)
  2 phantoms
  3 ogres
  2 bullfrogs
  2 scorpions (D:5)
  A howler monkey (D:5)
  2 bullfrog zombies (D:5)
  7 crimson imps
  A quasit (D:6)
  A centaur skeleton (D:4)
  2 orc priests (D:7)
  2 hounds
  2 jellies
  Terence (D:2)
  6 iguanas
  5 worker ants
  A howler monkey zombie (D:5)
  8 gnolls
  A howler monkey skeleton (D:7)
  4 adders
  2 oozes (D:2)
  3 worms
  A dart slug (D:1)
  3 leopard geckos
  16 orcs
  3 giant cockroaches
  10 goblins
  5 hobgoblins
  15 jackals
  3 quokkas
  2 ball pythons
  5 bats
  6 frilled lizards
  A jackal skeleton (D:5)
  12 kobolds
  A leopard gecko zombie (D:5)
  A quokka skeleton (D:6)
  10 rats
164 creatures vanquished.

Vanquished Creatures (others)
  A scorpion (D:7)
1 creature vanquished.

Grand Total: 165 creatures vanquished

Notes
Turn   | Place    | Note
-------+----------+-------------------------------------------
     0 | D:1      | Holzbalken the Tengu Gladiator began the quest for the Orb.
     0 | D:1      | Reached XP level 1. HP: 12/12 MP: 2/2
    93 | D:1      | Reached XP level 2. HP: 13/17 MP: 3/3
  1103 | D:1      | Reached skill level 4 in Polearms
  1132 | D:1      | Reached XP level 3. HP: 22/22 MP: 4/4
  1506 | D:2      | Found a stormy altar of Qazlal.
  1665 | D:2      | Reached XP level 4. HP: 27/27 MP: 5/5
  1841 | D:2      | Noticed Terence
  1846 | D:2      | Killed Terence
  2077 | D:3      | Found a bloodstained altar of Trog.
  2210 | D:3      | Noticed Grinder
  2225 | D:3      | Paralysed by Grinder for 3 turns
  2244 | D:3      | Paralysed by Grinder for 2 turns
  2248 | D:3      | Killed Grinder
  2248 | D:3      | Reached skill level 5 in Polearms
  2248 | D:3      | Gained mutation: You can fly. [Tengu growth]
  2248 | D:3      | Reached XP level 5. HP: 25/32 MP: 6/6
  2248 | D:3      | Reached XP level 6. HP: 29/37 MP: 7/7
  2467 | D:3      | Reached skill level 6 in Polearms
  2886 | D:3      | Found a shimmering altar of Xom.
  2951 | D:3      | Noticed Sigmund
  2959 | D:3      | Killed Sigmund
  2959 | D:3      | Reached XP level 7. HP: 39/43 MP: 8/8
  3211 | D:4      | Reached skill level 7 in Polearms
  4445 | D:5      | Entered Level 5 of the Dungeon
  4449 | D:5      | Reached XP level 8. HP: 48/48 MP: 9/9
  4500 | D:5      | Reached skill level 5 in Fighting
  4500 | D:5      | Reached skill level 8 in Polearms
  4796 | D:5      | Found a shattered altar of Ashenzari.
  4808 | D:5      | Became a worshipper of Ashenzari the Shackled
  5068 | D:5      | Reached skill level 5 in Armour
  5119 | D:5      | Reached skill level 9 in Polearms
  5261 | D:5      | Found an iron altar of Okawaru.
  5589 | D:6      | Found a transporter.
  5589 | D:6      | Noticed AlolanVulpixel's ghost (novice DrBe)
  5589 | D:6      | Noticed a shadow
  5601 | D:6      | Found a transporter.
  5669 | D:6      | Reached * piety under Ashenzari
  6132 | D:6      | Reached XP level 9. HP: 47/54 MP: 8/10
  6442 | D:7      | Found a staircase to the Ecumenical Temple.
  6464 | D:7      | Reached skill level 10 in Polearms
  6472 | D:7      | Noticed Prince Ribbit
  6476 | Temple   | Entered the Ecumenical Temple
  6989 | D:7      | Found a shadowy altar of Dithmenos.
  7106 | D:7      | Noticed Pikel
  7126 | D:7      | Killed Pikel
  7256 | D:7      | Reached skill level 11 in Polearms
  7370 | D:7      | You fall through a shaft for 3 floors!
  7370 | D:10     | Entered Level 10 of the Dungeon
  7370 | D:10     | Noticed Fannar
  7397 | D:10     | Reached ** piety under Ashenzari
  7759 | D:9      | Reached XP level 10. HP: 55/57 MP: 11/11
  7822 | D:8      | Noticed Grum
  7826 | D:9      | Reached skill level 12 in Polearms
  8012 | D:9      | Slain by an orc warrior

Vault maps used:
D:1:      dpeg_arrival_chase, minmay_tiny_reverse_x
D:2:      marbit_many_paths, first_ration, uniq_terence
D:3:      led_xom_imps, lemuel_round_altar, uniq_sigmund, uniq_grinder
D:5:      cheibrodos_ashenzari_chains, okawaru_altar_gauntlet_db, minivault_11
D:6:      gammafunk_ghost_arena, grunt_decor_clamped, corexii_checkpoint_a,
          hangedman_decor_points, amethyst_killhole
D:7:      temple_statues, grunt_dithmenos_smoke_and_mirrors,
          uniq_prince_ribbit1, uniq_pikel
D:8:      gammafunk_temple_overflow_statue, serial_shops, shop,
          kennysheep_mini_moat, uniq_grum, uniq_joseph
D:9:      erik_lair_dragon, hangedman_ranch, minmay_variable_closet,
          serial_bayou_pond_a, nicolae_gozag_cash_rules_everything_around_me
D:10:     uniq_fannar
Temple:   regret_index_temple_waves

Skill      XL: |  1  2  3  4  5  6  7  8  9 10 |
---------------+-------------------------------+-----
Polearms       | 4 5 6 7 9 11 12 | 12.0
Dodging        | 4 |  4.0
Fighting       | 3 4 5 |  5.0
Armour         | 2 3 5 7 |  7.9
Throwing       | |  2.0

Action                   |  1- 3 |  4- 6 |  7- 9 | 10-12 || total
-------------------------+-------+-------+-------+-------++-------
Melee: Trident           |    81 |   102 |       |       ||   183
       Kick              |    10 |    21 |    63 |     2 ||    96
       Peck              |     5 |     8 |    42 |     4 ||    59
       Scythe            |       |       |   278 |    18 ||   296
Invok: Curse Item        |       |       |     1 |       ||     1
  Use: Scroll            |       |       |    12 |       ||    12
       Potion            |       |       |     2 |     2 ||     4
 Stab: Sleeping          |     4 |     1 |       |       ||     5
  Eat: Chunk             |     2 |     4 |    10 |       ||    16
       Ration            |       |       |     3 |       ||     3
Armor: Leather armour    |     5 |     2 |       |       ||     7
       Scale mail        |       |    19 |   144 |    12 ||   175
Dodge: Dodged            |    27 |    39 |   230 |    19 ||   315

Table legend:
 A = Non-vault XP
 B = Vault XP
 C = Vault XP percentage of total XP
 D = Non-vault monster count
 E = Vault monster count
 F = Vault count percentage of total count
                 A         B        C        D         E       F
            +---------+---------+-------+---------+---------+-------
      Total |    3589 |    1384 |  27.8 |     145 |      19 |  11.6
            +---------+---------+-------+---------+---------+-------
        D:1 |      31 |       4 |  11.4 |      19 |       2 |   9.5
        D:2 |      60 |      41 |  40.6 |      22 |       2 |   8.3
        D:3 |      78 |     693 |  89.9 |      30 |       6 |  16.7
        D:4 |     266 |       0 |   0.0 |      18 |       0 |   0.0
        D:5 |     927 |      25 |   2.6 |      15 |       6 |  28.6
        D:6 |     225 |       4 |   1.7 |       9 |       2 |  18.2
        D:7 |     768 |     617 |  44.5 |      18 |       1 |   5.3
        D:9 |     490 |       0 |   0.0 |       7 |       0 |   0.0
       D:10 |     744 |       0 |   0.0 |       7 |       0 |   0.0
            +---------+---------+-------+---------+---------+-------
